 Dungeon Crawl Stone Soup version 0.28-a0-691-gad6df49e81 (webtiles) character file.

Game seed: 1400222876472304611

568 demibob the Spear-Bearer (level 7, -14/52 HPs)
             Began as a Merfolk Monk on Oct 20, 2021.
             Was a Believer of Fedhas.
             Demolished by an ogre (22 damage)
             ... on level 5 of the Dungeon on Oct 21, 2021.
             The game lasted 00:12:45 (5446 turns).

demibob the Spear-Bearer (Merfolk Monk)             Turns: 5446, Time: 00:12:46

Health: -14/52     AC:  8    Str: 12      XL:     7   Next: 33%
Magic:  5/8        EV: 14    Int:  9      God:    Fedhas [**....]
Gold:   167        SH:  0    Dex: 17 (18) Spells: 6/6 levels left

rFire   + . .      SeeInvis .   a - +0 trident
rCold   . . .      Faith    .   (no shield)
rNeg    . . .      Spirit   .   b - +0 robe
rPois   .          Reflect  .   g - +0 helmet
rElec   .          Harm     .   d - +2 cloak
rCorr   .          Rampage  .   (no gloves)
Will    .....                   (no boots)
Stlth   ++........              (no amulet)
HPRegen 0.17/turn               F - ring of protection from fire
MPRegen 0.11/turn               (no ring)

@: no status effects
A: (nimble swimmer 2), mertail, iridescent scales 1, deterioration 1, subdued
magic 1
a: Renounce Religion, Wall of Briars


You were on level 5 of the Dungeon.
You worshipped Fedhas.
Fedhas was pleased with you.
You visited 2 branches of the dungeon, and saw 6 of its levels.

You collected 167 gold pieces.


Innate Abilities, Weirdness & Mutations

((You are quick and stealthy near water. (Stealth+, EV+, Speed+++)))
Your lower body shifts to a powerful aquatic tail in water.
You are partially covered in iridescent scales. (AC +2)
Your body sometimes deteriorates upon taking damage.
Your spells are a little easier to cast, but a little less powerful.


   Skills:
 - Level 3.2 Fighting
 + Level 11.2 Polearms
 - Level 4.0 Dodging
 - Level 2.1 Stealth
 + Level 2.1 Invocations


You had 6 spell levels left.
You didn't know any spells.
Your spell library contained the following spells:

 Spells                   Type           Power      Damage    Failure   Level
 Sandblast                Erth           0%         2d4       34%         1
 Passwall                 Tmut/Erth      0%         N/A       47%         2
 Stone Arrow              Conj/Erth      0%         3d7       73%         3

Inventory:

Hand Weapons
 a - a +0 trident (weapon)
Missiles
 i - 5 poisoned darts (quivered)
Armour
 b - a +0 robe (worn)
 d - a +2 cloak (worn)
 g - a +0 helmet (worn)
Jewellery
 C - a ring of ice
 F - a ring of protection from fire (left hand)
Wands
 h - a wand of digging (5)
Scrolls
 k - 3 scrolls of vulnerability
 l - a scroll of identify {@r1}

Dungeon Overview and Level Annotations

Branches:
Dungeon (5/15)             Temple (1/1) D:4

Altars:
Dithmenos
Elyvilon
Fedhas
Kikubaaqudgha
Makhleb
Nemelex Xobeh
Qazlal
Sif Muna
Uskayaw
Vehumet
Wu Jian
Yredelemnul
The Shining One

Annotations:
D:5 Pikel, Sigmund

.........#...#,,,#(....#,.o.*,,*,
.........#...#,,,#.....#....#,,+,
.............#,,,#5....#....#,,*,
......PP.....#,,,#o5...#....#,,*,
.....PPP.P...#,,,#.....#....#,,*,
.....PP⚑PP####***#o#####*,,**,,**
#####PPP...###*###.# *,,**,,**
#......P...+...#PPK# *,,,*,,,,
...............O@P.# *,,,*,,,,
.....#.....#...#PP.# *,,,*,,,,
######)....###*##..# *,,*#####
.....)####.....,#### **,,*#....
....<.# *.....,* *,,,,#....
......# *......* *,,,,+....
......# *.....$* ****+#...K
####### *,.....* *,,.......
******** *,,.>.....


You could see Pikel (poisoned), an ogre (ally target), a lemure and an orc.


Message History

Aim: Pikel, wielding a +0 whip of freezing and wearing a +0 robe (severely wounded, very poisoned, 53% to hit)
You throw a poisoned dart. The poisoned dart hits Pikel.
Pikel is severely wounded.
Your extra speed is starting to run out.
Throw: 7 darts (poison)
Press: ? - help, Q - select action, (/) - cycle Shift-Dir - straight line, f/p - Pikel
Aim: Pikel, wielding a +0 whip of freezing and wearing a +0 robe (severely wounded, very poisoned, 53% to hit)
You throw a poisoned dart. The poisoned dart barely misses Pikel.
Throw: 6 darts (poison)
Press: ? - help, Q - select action, (/) - cycle Shift-Dir - straight line, f/p - Pikel
Aim: Pikel, wielding a +0 whip of freezing and wearing a +0 robe (severely wounded, poisoned, 53% to hit)
You throw a poisoned dart. The poisoned dart barely misses Pikel.
The poisoned dart closely misses the lemure.
Aiming: Dig
Press: ? - help, Shift-Dir - straight line, p - Pikel A rock wall.
The rock shatters into small pieces.
An ogre comes into view. It is wielding a +0 giant club.
The ogre shouts!
You hit the ogre.
The ogre is lightly wounded.
You feel yourself slow down.
Okay, then.
You aren't carrying any potions.
Enter note: lmao Use which ability? (? or * to list)
A briar patch grows up from the ground. x5
The ogre hits you with a +0 giant club!!
You die...
Fedhas appreciates your contribution to the ecosystem.

Skill      XL: |  1  2  3  4  5  6  7 |
---------------+----------------------+-----
Polearms       | 5 6 8 9 10 11 | 11.2
Invocations    | 2 |  2.1
Fighting       | |  3.2
Dodging        | |  4.0
Stealth        | |  2.1

Action                   |  1- 3 |  4- 6 |  7- 9 || total
-------------------------+-------+-------+-------++-------
Melee: Spear             |   188 |    82 |       ||   270
       Tailslap          |     4 |       |     8 ||    12
       Trident           |       |   137 |    45 ||   182
Throw: Dart              |       |    18 |    20 ||    38
Invok: Wall of Briars    |       |       |     2 ||     2
Evoke: Wand              |       |       |     1 ||     1
  Use: Potion            |       |     6 |     2 ||     8
       Scroll            |       |     4 |     3 ||     7
 Stab: Sleeping          |    11 |     7 |     1 ||    19
       Distracted        |       |     1 |       ||     1
Armor: Robe              |    17 |    16 |     1 ||    34
       Skin              |       |     3 |       ||     3
Dodge: Dodged            |    86 |    87 |    18 ||   191

Levels and vault maps discovered:
D:1:      dpeg_arrival_more_subterranean_lakeside_camping, layout_basic
D:2:      layout_basic, chequers_ecumenical_altar_twisty,
          minmay_misc_feat_nine_boxes, serial_bayou_lake_a
D:3:      layout_loops_ring, old_standard_altar, minmay_misc_feat_tiny,
          minmay_fountain_box
D:4:      layout_basic, minmay_temple_entry_large_hall, uniq_robin,
          uniq_crazy_yiuf_cottage
D:5:      layout_gridville, mainiacjoe_overflow_24_doors,
          mainiacjoe_overflow_boulevard, nicolae_overflow_hidden_temple,
          fedhas_altar_3, uniq_sigmund, uniq_pikel
Temple:   compressed_dpeg_triangle_lava_temple

Notes
Turn   | Place    | Note
-------+----------+-------------------------------------------
     0 | D:1      | demibob the Merfolk Monk began the quest for the Orb.
     0 | D:1      | Reached XP level 1. HP: 18/18 MP: 1/1
   137 | D:1      | Reached skill level 5 in Polearms
   139 | D:1      | Reached XP level 2. HP: 22/24 MP: 2/2
   738 | D:1      | Reached skill level 6 in Polearms
   738 | D:1      | Reached XP level 3. HP: 29/29 MP: 3/3
  1267 | D:2      | Found a faded altar of an unknown god.
  1783 | D:2      | Reached XP level 4. HP: 31/35 MP: 4/4
  1786 | D:2      | Reached skill level 7 in Polearms
  2304 | D:3      | Found a burning altar of Makhleb.
  2722 | D:3      | Reached skill level 8 in Polearms
  2722 | D:3      | Reached XP level 5. HP: 41/41 MP: 5/5
  3483 | D:4      | Noticed Robin
  3505 | D:4      | Killed Robin
  3717 | D:4      | Found a staircase to the Ecumenical Temple.
  3735 | Temple   | Entered the Ecumenical Temple
  4001 | D:4      | Reached skill level 9 in Polearms
  4015 | D:4      | Gained mutation: Your body sometimes deteriorates upon
                  | taking damage. [potion of mutation]
  4015 | D:4      | Gained mutation: Your spells are a little easier to cast,
                  | but a little less powerful. [potion of mutation]
  4015 | D:4      | Gained mutation: You are partially covered in iridescent
                  | scales. (AC +2) [potion of mutation]
  4023 | D:4      | Reached XP level 6. HP: 13/47 MP: 6/6
  4026 | D:4      | HP: 3/70 [gnoll (5)]
  4563 | D:4      | Reached skill level 10 in Polearms
  4752 | D:4      | Found a runed translucent door.
  4753 | D:4      | Noticed Crazy Yiuf
  4796 | D:4      | Killed Crazy Yiuf
  4845 | D:5      | Entered Level 5 of the Dungeon
  4848 | D:5      | Found a blossoming altar of Fedhas.
  4855 | D:5      | Became a worshipper of Fedhas Madash
  4855 | D:5      | Reached * piety under Fedhas
  4855 | D:5      | Reached ** piety under Fedhas
  4906 | D:5      | Reached XP level 7. HP: 37/52 MP: 7/7
  5050 | D:5      | Noticed Sigmund
  5084 | D:5      | Found a basalt altar of Yredelemnul.
  5131 | D:5      | Reached skill level 11 in Polearms
  5131 | D:5      | Reached skill level 1 in Invocations
  5328 | D:5      | Reached skill level 2 in Invocations
  5356 | D:5      | Noticed Pikel
  5402 | D:5      | HP: 3/52 [lemure[Pikel] (8)]
  5410 | D:5      | Found an ornate altar of the Wu Jian Council.
  5446 | D:5      | >>lmao
  5446 | D:5      | Demolished by an ogre

Vanquished Creatures
  An ogre (D:5)
  A lemure (D:5)
  A phantom (D:4)
  A gnoll shaman (D:4)
  A centaur zombie (D:4)
  2 orc priests
  A hound (D:4)
  Crazy Yiuf (D:4)
  An iguana (D:5)
  A hound zombie (D:5)
  Robin (D:4)
  5 gnolls
  4 adders
  An adder zombie (D:5)
  An adder skeleton (D:4)
  3 worms (D:2)
  A dart slug (D:4)
  7 orcs
  4 bats
  4 endoplasms
  13 goblins
  15 hobgoblins
  2 jackals (D:1)
  2 quokkas (D:1)
  5 ball pythons
  3 frilled lizards
  3 kobolds (D:1)
  7 rats
92 creatures vanquished.

Vanquished Creatures (others)
  3 plants (D:2)
3 creatures vanquished.

Grand Total: 95 creatures vanquished

Table legend: (Time is in decaauts)
 A = Elapsed time spent in this place.
 B = Non-inter-level travel time spent in this place.
 C = Inter-level travel time spent in this place.
 D = Time resting spent in this place.
 E = Time spent auto-exploring this place.
 F = Levels seen in this place.
 G = Mean time per level.
                   A        B        C        D        E       F      G
               +--------+--------+--------+--------+--------+-----+--------+
         Total |   5293 |   5175 |    118 |   1278 |   2952 |   6 |  882.2 |
       Dungeon |   5048 |   4930 |    118 |   1278 |   2741 |   5 | 1009.6 |
        Temple |    244 |    244 |      0 |      0 |    211 |   1 |  244.0 |
               +--------+--------+--------+--------+--------+-----+--------+

Top non-repeatable levels by time:
     D:3: 1245 daAuts
     D:4: 1132 daAuts
     D:1: 1119 daAuts
     D:2: 987 daAuts
     D:5: 565 daAuts
  Temple: 244 daAuts

Table legend:
 A = Non-vault XP
 B = Vault XP
 C = Vault XP percentage of total XP
 D = Non-vault monster count
 E = Vault monster count
 F = Vault count percentage of total count
                 A         B        C        D         E       F
            +---------+---------+-------+---------+---------+-------
      Total |     743 |      69 |   8.5 |      82 |       9 |   9.9
            +---------+---------+-------+---------+---------+-------
        D:1 |      42 |       0 |   0.0 |      25 |       0 |   0.0
        D:2 |      50 |       0 |   0.0 |      16 |       0 |   0.0
        D:3 |     125 |       0 |   0.0 |      19 |       0 |   0.0
        D:4 |     300 |      69 |  18.7 |      15 |       9 |  37.5
        D:5 |     226 |       0 |   0.0 |       7 |       0 |   0.0
            +---------+---------+-------+---------+---------+-------
